 Dungeon Crawl Stone Soup version 0.30-a0-122-g2a1322497e (webtiles) character file.

Game seed: 9584704915672328062

324 scionoferis the Chopper (level 7, -9/60 HPs)
             Began as a Meteoran Berserker on Sept 15, 2022.
             Was a Believer of Trog.
             Mangled by Pikel
             ... wielding a +0 whip of electrocution
              (20 damage)
             ... on level 4 of the Dungeon.
             The game lasted 00:10:00 (1292 turns).

scionoferis the Chopper (Meteoran Berserker)        Turns: 1292, Time: 00:10:00

Health: -9/60      AC: 10    Str: 19 (22) XL:     7   Next: 6%
Magic:  8/8        EV:  8    Int:  6 (8)  God:    Trog [**....]
Gold:   167        SH:  0    Dex: 10 (13) Spells: 6/6 levels left

rFire   . . .      SeeInvis .    j - +1 short sword (elec)
rCold   . . .      Faith    .    (no shield)
rNeg    . . .      Spirit   .    o - +0 chain mail
rPois   .          Reflect  .    (no helmet)
rElec   .          Harm     .    (no cloak)
rCorr   .          Rampage  .    f - +0 pair of gloves
Will    .....                    (no boots)
Stlth   ..........               (no amulet)
HPRegen 0.20/turn                (no ring)
MPRegen 0.11/turn                (no ring)

@: confused, brilliant, ambrosia-drunk, on berserk cooldown, slowed, glowing,
very slow
A: sense surroundings 1, otherworldly, glowing, explore regen
a: Renounce Religion, Berserk, Trog's Hand


You were on level 4 of the Dungeon.
You worshipped Trog.
Trog was pleased with you.
You visited 1 branch of the dungeon, and saw 4 of its levels.

You collected 167 gold pieces.

Inventory:

Hand Weapons
 a - a +0 hand axe
 d - a +2 dagger of venom
 j - a +1 short sword of electrocution (weapon)
Missiles
 b - 8 poisoned darts (quivered)
 p - 3 silver boomerangs
Armour
 f - a +0 pair of gloves (worn)
 o - a +0 chain mail (worn)
 q - a +0 leather armour of fire resistance
Wands
 r - a wand of flame (14)
Scrolls
 g - a scroll of amnesia {unknown}
 h - 2 scrolls of teleportation {unknown}
 i - a scroll of vulnerability {unknown}
 k - a scroll of summoning {unknown}
 m - a scroll of butterflies {unknown}
 n - a scroll of identify {unknown}
 s - a scroll of poison {unknown}


   Skills:
 + Level 4.7 Fighting
 * Level 6.5 Axes
 + Level 4.4 Armour
 - Level 2.4 Dodging


You had 6 spell levels left.
You didn't know any spells.
Your spell library was empty.

Dungeon Overview and Level Annotations

Branches:
Dungeon (4/15) Zot: 1097
 Temple: D:4-7

Altars:
Kikubaaqudgha

Shops:
D:1 =

Annotations:
D:4 Pikel


Innate Abilities, Weirdness & Mutations

You passively map a small area around you.
You are easily found by Zot.
You glow in the dark.
You regain HP and MP as you explore.


Message History

Pikel hits you with a +0 whip of electrocution.
* * * LOW HITPOINT WARNING * * *
You closely miss Pikel. Pikel hits you but does no damage.
You closely miss Pikel.
Pikel hits you with a +0 whip of electrocution.
* * * LOW HITPOINT WARNING * * *
Pikel hits you with a +0 whip of electrocution.
* * * LOW HITPOINT WARNING * * *
Press: ? - help, v - describe, . - travel, g - get item
Here: Pikel, wielding a +0 whip of electrocution and wearing a +0 robe
Items here: ) [ ††.
The floor, spattered with blood.
Press: ? - help, v - describe, . - travel, g - get item
Here: Pikel, wielding a +0 whip of electrocution and wearing a +0 robe
Items here: ) [ ††.
The floor, spattered with blood.
Unknown command.
Unknown command.
It was a potion of brilliance.
You feel clever all of a sudden.
Pikel hits you with a +0 whip of electrocution.
* * * LOW HITPOINT WARNING * * *
It was a potion of degeneration.
There was something very wrong with that liquid.
You feel weakened.
You feel dopey.
You feel clumsy.
A lemure comes into view.
Pikel barely misses you. x2
It was a potion of ambrosia.
You are confused.
You feel invigorated.
Pikel hits you with a +0 whip of electrocution.
* * * LOW HITPOINT WARNING * * *
You bump into the rock wall.
Pikel hits you with a +0 whip of electrocution.
* * * LOW HITPOINT WARNING * * *
Pikel hits you with a +0 whip of electrocution.
* * * LOW HITPOINT WARNING * * *
You're too confused to move!
Pikel hits you but does no damage.
You are electrocuted!!
You die...

, * , , * ### * , ,..# , ,
....... **..# ........#
..# , ........###.. ,
>.......##... .#
,......##.#.* , .5, ....
#@#.##########
,..#K####.###K#...!......#
....=5^l<..5...........# *
###5....##.#..........#
##..#..#.#..........#
#....?.#....#...<......#
#..#...###.....##########
#,#.... ,.....#
....#.,,,.#...#


You could see Pikel and a lemure.

Vanquished Creatures
  Grinder (D:3)
  A lemure (D:4)
  Natasha (D:4)
  An iguana (D:4)
  2 adders (D:2)
  A worm (D:2)
  A dart slug (D:3)
  4 orcs
  6 bats
  5 endoplasms
  A giant cockroach (D:2)
  3 goblins
  3 hobgoblins
  3 jackals (D:1)
  3 quokkas
  3 ball pythons
  5 kobolds
  6 rats
50 creatures vanquished.

Notes
Turn   | Place    | Note
-------+----------+-------------------------------------------
     0 | D:1      | scionoferis the Meteoran Berserker began the quest for the
                  | Orb.
     0 | D:1      | Reached XP level 1. HP: 19/19 MP: 2/2
   212 | D:1      | Reached XP level 2. HP: 26/26 MP: 3/3
   225 | D:1      | Found a faded altar of an unknown god.
   243 | D:1      | Found Wumeuginn's Jewellery Shop.
   284 | D:1      | Reached skill level 4 in Axes
   396 | D:1      | Reached XP level 3. HP: 29/31 MP: 4/4
   576 | D:2      | Found an ancient bone altar of Kikubaaqudgha.
   661 | D:2      | Reached ** piety under Trog
   728 | D:2      | Reached XP level 4. HP: 35/40 MP: 5/5
  1022 | D:3      | Reached skill level 5 in Axes
  1145 | D:3      | Noticed Grinder
  1146 | D:3      | Paralysed by Grinder for 4 turns
  1167 | D:3      | Killed Grinder
  1168 | D:3      | Reached skill level 6 in Axes
  1168 | D:3      | Reached XP level 5. HP: 37/47 MP: 6/6
  1168 | D:3      | Reached XP level 6. HP: 41/53 MP: 7/7
  1185 | D:4      | Noticed Natasha
  1251 | D:4      | Noticed Pikel
  1271 | D:4      | Killed Natasha
  1276 | D:4      | Reached XP level 7. HP: 60/60 MP: 8/8
  1287 | D:4      | HP: 2/60 [Pikel/+0 whip of electrocution (5)]
  1292 | D:4      | Mangled by Pikel

Illustrated notes

Levels and vault maps discovered:
D:1:      giann_bridges, layout_loops_ring, serial_shops, shop,
          chequers_ecumenical_altar_lobes, minmay_heptomino_h4
D:2:      layout_rooms, basic_altar, chequers_serial_rivers_small_b
D:3:      layout_rooms, mainiacjoe_overflow_swirl, uniq_grinder
D:4:      layout_rooms, fedhas_altar_decomposition, kennysheep_mini,
          minmay_temple_entry_tees, minmay_circle_x, uniq_pikel, uniq_natasha,
          uniq_crazy_yiuf_cottage

Skill      XL: |  1  2  3  4 |
---------------+-------------+-----
Axes           | 4 6 |  6.5
Armour         | 3 4 |  4.4
Fighting       | 4 |  4.7
Dodging        | |  2.4

Action                   |  1- 3 |  4- 6 |  7- 9 || total
-------------------------+-------+-------+-------++-------
Melee: Dagger            |    39 |       |       ||    39
       Hand axe          |     7 |       |       ||     7
       Punch             |     3 |     1 |       ||     4
       Short sword       |    44 |    79 |    12 ||   135
Invok: Trog's Hand       |       |     2 |       ||     2
       Berserk           |       |     1 |       ||     1
  Use: Potion            |       |       |     3 ||     3
Armor: Scale mail        |    52 |    13 |       ||    65
       Chain mail        |       |    18 |     4 ||    22
Dodge: Dodged            |    39 |    32 |     5 ||    76

Table legend: (Time is in decaauts)
 A = Elapsed time spent in this place.
 B = Non-inter-level travel time spent in this place.
 C = Inter-level travel time spent in this place.
 D = Time resting spent in this place.
 E = Time spent auto-exploring this place.
 F = Levels seen in this place.
 G = Mean time per level.
                   A        B        C        D        E       F      G
               +--------+--------+--------+--------+--------+-----+--------+
         Total |   1300 |   1276 |     24 |      0 |      0 |   4 |  325.0 |
       Dungeon |   1300 |   1276 |     24 |      0 |      0 |   4 |  325.0 |
               +--------+--------+--------+--------+--------+-----+--------+

Top non-repeatable levels by time:
     D:1: 549 daAuts
     D:2: 360 daAuts
     D:3: 337 daAuts
     D:4: 52 daAuts
